 Dungeon Crawl Stone Soup version 0.17.0-24-gcfadda4 (webtiles) character file.

104322 4thArraOfDagon the Fencer (level 15, -6/90 HPs)
             Began as a High Elf Artificer on Nov 17, 2015.
             Was a High Priest of Cheibriados.
             Shot with an arrow by a deep elf master archer (11 damage)
             ... on level 3 of the Elven Halls.
             The game lasted 01:09:36 (9742 turns).

4thArraOfDagon the Fencer (High Elf Artificer)      Turns: 9742, Time: 01:09:36

Health: -6/90      AC: 15    Str: 28    XL:     15   Next: 54%
Magic:  13/23      EV: 41    Int: 40    God:    Cheibriados [*****.]
Gold:   526        SH:  0    Dex: 38    Spells: 5 memorised, 9 levels left

rFire  . . .     SeeInvis .     M - +10 great sword of Xyikhlia {slice, rPois}
rCold  + . .     Clarity  .     D - +3 troll leather armour
rNeg   + + .     SustAt   +     (shield currently unavailable)
rPois  +         Gourm    .     k - +2 hat
rElec  .         Spirit   .     b - +1 cloak "Cifycid" {*Drain rN++ Int+7}
rCorr  .         Warding  .     p - +0 pair of gloves
rMut   .         Stasis   .     l - +2 pair of boots {Stlth+}
MR     ++...                    (no amulet)
Stlth  +++++.....               c - ring of sustain attributes
                                F - ring of protection from magic

@: mighty, agile, very slow, very resistant to hostile enchantments, quite
stealthy
A: cold resistance 1
a: Bend Time, Temporal Distortion, Slouch, Step From Time, Renounce Religion
}: 1/15 runes: abyssal


You were on level 3 of the Elven Halls.
You worshipped Cheibriados.
Cheibriados was extremely pleased with you.
You were not hungry.

You visited 4 branches of the dungeon, and saw 21 of its levels.
You visited the Abyss 1 time.
You visited 1 bazaar.
You also visited: Bailey.

You collected 1732 gold pieces.
You spent 1206 gold pieces at shops.

Inventory:

Hand Weapons
 m - a +3 great sword of holy wrath
 M - the +10 great sword of Xyikhlia (weapon) {slice, rPois}
   (You acquired it on level 10 of the Dungeon)

   It inflicts extra damage upon your enemies.
   It protects you from poison.
 N - the +6 scimitar of the Tooth {flame, *Rage *Confuse +Rage rN+++}
   (You took it off a deep elf sorcerer on level 3 of the Elven Halls)

   It has been specially enchanted to burn those struck by it, causing extra
   injury to most foes and up to half again as much damage against particularly
   susceptible opponents.
   Big, fiery blades are also staple armaments of hydra-hunters.
   It renders you almost immune to negative energy.
   It lets you go berserk.
   It may make you go berserk in combat.
   It may confuse you when you take damage.
 O - a -1 blowgun
 T - a +0 demon blade of electrocution
Armour
 b - the +1 cloak "Cifycid" (worn) {*Drain rN++ Int+7}
   (You acquired it in a bailey)

   It affects your intelligence (+7).
   It greatly protects you from negative energy.
   It causes draining when unequipped.
 k - a +2 hat (worn)
 l - a +2 pair of boots of stealth (worn)
 p - a +0 pair of gloves (worn)
 D - a +3 troll leather armour (worn)
Rods
 j - a +9 iron rod (11/11)
   (You took it off a deep elf death mage on level 3 of the Elven Halls)
Jewellery
 c - a ring of sustain attributes (right hand)
 g - an uncursed ring of fire
 r - an uncursed ring of invisibility
 v - a cursed -2 ring of strength {unknown}
 F - a ring of protection from magic (left hand)
 K - an uncursed ring of poison resistance {unknown}
 P - an uncursed ring of see invisible {unknown}
Wands
 d - a wand of enslavement (10)
 e - a wand of random effects (12)
 J - a wand of paralysis (9)
 Z - a wand of polymorph (9)
Scrolls
 n - a scroll of fear {unknown}
 q - a scroll of fog
 y - a scroll of identify
 C - 9 scrolls of remove curse
 H - a scroll of amnesia
 W - 2 scrolls of blinking
Potions
 a - a potion of berserk rage
 h - 2 potions of ambrosia
 o - a potion of brilliance
 s - a potion of magic
 w - 2 potions of might
 A - 4 potions of lignification
 B - a potion of haste
 I - 2 potions of cancellation
 L - a potion of flight
 Q - a potion of degeneration {unknown}
 R - 2 potions of curing
Miscellaneous
 x - a phial of floods (inert)
 Y - a lamp of fire
Comestibles
 f - 7 bread rations
 i - 41 fruits
 t - a royal jelly
 z - 5 meat rations
 E - a slice of pizza
 G - 6 chunks of flesh


   Skills:
 - Level 4.4 Fighting
   Level 1.2(13.6) Short Blades
 - Level 20.0 Long Blades
 + Level 18.3 Dodging
 - Level 1.1 Stealth
 - Level 3.1 Spellcasting
 - Level 4.9 Translocations
 - Level 10.3 Invocations
 - Level 4.2 Evocations


You had 9 spell levels left.
You knew the following spells:

 Your Spells              Type           Power        Failure   Level  Hunger
a - Repel Missiles        Chrm/Air       #.....       8%          2    None
b - Apportation           Tloc           #####.....   1%          1    None
c - Blink                 Tloc           N/A          1%          2    None
d - Passage of Golubria   Tloc           N/A          6%          4    ####...
e - Shroud of Golubria    Chrm/Tloc      ####......   2%          2    None


Dungeon Overview and Level Annotations

Branches:
Dungeon (13/15)            Temple (1/1) D:4            Lair (0/8) D:9
    Orc (4/4) D:10            Elf (3/3) Orc:3
 Vaults: D:13-14

Altars:
Ashenzari
Cheibriados
Dithmenos
Elyvilon
Fedhas
Gozag
Kikubaaqudgha
Makhleb
Nemelex Xobeh
Okawaru
Qazlal
Ru
Sif Muna
Trog
Vehumet
Xom
Yredelemnul
Zin
The Shining One
Beogh

Shops:
D:4 [   Orc:4 [:*(   Elf:2 (

Annotations:
D:6 Gravenous's ghost, novice OpIE
D:7 Menkaure


Innate Abilities, Weirdness & Mutations

Your flesh is cold resistant.


Message History

You feel somewhat more hungry.
Cheibriados reduces the support of your attributes as your movement quickens.
The deep elf master archer wields a glowing longbow.
It bursts into flame!
The deep elf master archer shoots an arrow.
The arrow hits you!! The arrow burns you!
* * * LOW HITPOINT WARNING * * *
Unknown command.
Drink which item? (? for menu, Esc to quit)
You feel much better.
The deep elf master archer shoots an arrow.
The arrow completely misses you.
Unknown command.
You can feel time thicken for a moment.
You feel somewhat more hungry.
Cheibriados reduces the support of your attributes as your movement quickens.
The deep elf master archer shoots an arrow.
The arrow hits you!!
* * * LOW HITPOINT WARNING * * *
The arrow burns you!
You die...

##.#.###...[......#..
##).##...)))...##.#
##)#.....(....##### #####
#..#.#).....## # #...#
#))[#.#...).## ##
###...#####....##......####.
#.......#)..#.).####...#....
#.........#))##)...†...#.#..
#.......#))@#...####...#.#..
###########)################
##...e...## #.........#
#.............#
#.............#
...............
......###...... .....#
#.....


You could see a deep elf master archer.

Vanquished Creatures
  A deep elf master archer (Elf:3)
  4 deep elf blademasters (Elf:3)
  Gastronok (D:11)
  A tentacled starspawn (Abyss:2)
  2 orc warlords
  8 deep elf sorcerers (Elf:3)
  4 deep elf demonologists (Elf:3)
  4 deep elf annihilators (Elf:3)
  A stone giant (Orc:4)
  A lorocyproca (Abyss:2)
  3 deep elf death magi (Elf:3)
  3 ettins (Orc:4)
  3 deep elf high priests (Elf:3)
  Harold (D:10)
  The ghost of Galewind the Basher, a novice MiFi of Okawaru (Bailey)
  Erolcha (D:10)
  A centaur warrior (D:13)
  An orc high priest (Elf:3)
  A large abomination (Elf:3)
  3 thrashing horrors
  10 deep elf knights
  2 deep elf summoners
  4 hill giants
  5 orc knights
  2 starcursed masses (Abyss:2)
  5 deep elf conjurers
  A griffon (D:13)
  An orb spider (shapeshifter) (Abyss:2)
  The ghost of Gravenous the Zephyrmancer, a novice TeAE (Bailey)
  2 ugly things
  An octopode (shapeshifter) (Elf:3)
  7 cyclopes
  A centaur zombie (D:11)
  A guardian serpent (Abyss:2)
  Psyche (D:12)
  A kobold demonologist (D:11)
  2 freezing wraiths
  10 deep elf priests
  3 two-headed ogres
  Grinder (D:6)
  5 slime creatures (D:12)
  4 trolls
  A snapping turtle (shapeshifter) (Elf:3)
  4 raiju (Abyss:2)
  A shadow (D:11)
  Sigmund (D:2)
  2 small abominations
  A water elemental (D:11)
  16 deep elf magi
  11 deep elf fighters
  A neqoxec (Abyss:2)
  9 yaks
  6 wolves (Orc:3)
  7 vampire mosquitoes (D:12)
  4 wargs
  2 hippogriffs
  A soldier ant (D:13)
  A water moccasin (D:12)
  A black bear (D:8)
  A necrophage (D:7)
  3 eyes of draining
  26 orc warriors
  7 ogres
  A phantom (D:13)
  2 wasps
  2 sky beasts
  5 ice beasts
  3 centaurs
  3 big kobolds
  A wyvern zombie (D:12)
  A wyvern skeleton (D:8)
  7 giant frogs
  2 scorpions
  A water moccasin skeleton (D:8)
  8 killer bees
  3 electric eels (D:11)
  4 crimson imps
  3 hounds
  A jelly (D:9)
  A wasp zombie (D:13)
  A quasit (D:5)
  3 centaur skeletons
  3 giant frog zombies
  12 orc priests
  15 orc wizards
  4 giant frog skeletons
  Terence (D:2)
  Natasha (thrice) (D:3)
  2 iguanas
  2 sheep (D:13)
  13 worker ants
  2 hound zombies (D:9)
  2 hound skeletons
  A worker ant zombie (D:8)
  10 gnolls
  10 adders
  4 shadow imps
  An ooze (D:1)
  An adder skeleton (D:8)
  5 giant geckos
  92 orcs
  2 ball pythons
  6 bats
  8 giant cockroaches
  25 hobgoblins
  8 jackals
  2 quokkas
  A giant newt (D:2)
  18 goblins
  5 hobgoblin zombies (D:4)
  A jackal skeleton (D:4)
  16 kobolds
  3 orc skeletons (D:4)
  3 orc zombies (D:4)
  9 rats
  A crawling corpse (Elf:3)
564 creatures vanquished.

Vanquished Creatures (collateral kills)
  Maud (D:12)
  2 deep elf conjurers (Elf:1)
  A cyclops (Orc:4)
  A worker ant (D:4)
  An adder (D:3)
  A giant gecko (D:4)
  2 orcs
  A giant newt (D:3)
  2 rats (D:3)
12 creatures vanquished.

Vanquished Creatures (others)
  A deep elf mage (Elf:2)
  A yak (D:10)
  An adder (D:3)
  3 fungi (Orc:4)
  A lurking horror (Abyss:2)
  2 starspawn tentacles (Abyss:2)
  2 starspawn tentacle segments (Abyss:2)
11 creatures vanquished.

Grand Total: 587 creatures vanquished

Notes
Turn   | Place    | Note
--------------------------------------------------------------
     0 | D:1      | 4thArraOfDagon the High Elf Artificer began the quest for the Orb.
     0 | D:1      | Reached XP level 1. HP: 13/13 MP: 4/4
   156 | D:1      | Reached XP level 2. HP: 10/19 MP: 5/5
   235 | D:2      | Noticed Sigmund
   242 | D:2      | Killed Sigmund
   242 | D:2      | Reached skill level 4 in Dodging
   242 | D:2      | Reached XP level 3. HP: 14/27 MP: 6/6
   242 | D:2      | Reached XP level 4. HP: 17/33 MP: 7/7
   242 | D:2      | Reached XP level 5. HP: 19/37 MP: 8/8
   324 | D:2      | Found an ancient bone altar of Kikubaaqudgha.
   530 | D:2      | Found an opulent altar of Gozag.
   678 | D:2      | Noticed Terence
   694 | D:2      | You fall through a shaft for 2 floors!
   694 | D:4      | Found a staircase to the Ecumenical Temple.
   706 | Temple   | Entered the Ecumenical Temple
   733 | Temple   | Became a worshipper of Cheibriados the Contemplative
   763 | D:4      | Reached skill level 5 in Dodging
   763 | D:4      | Reached XP level 6. HP: 42/44 MP: 9/9
   849 | D:4      | Found a white marble altar of Elyvilon.
   988 | D:4      | Noticed an ogre
  1004 | D:4      | an ogre (ally) was killed
  1048 | D:4      | Reached * piety under Cheibriados
  1054 | D:4      | Found a glowing golden altar of the Shining One.
  1084 | D:4      | Reached skill level 1 in Long Blades
  1148 | D:4      | Found Eggaffot's Antique Armour Shoppe.
  1151 | D:4      | Bought a pair of steaming boots for 171 gold pieces
  1156 | D:4      | Identified the cursed +0 pair of boots "Liur" {-Cast +Fly rN+++ Dex+4} (You bought it in a shop on level 4 of the Dungeon)
  1286 | D:3      | Noticed Natasha
  1295 | D:3      | Killed Natasha
  1360 | D:3      | Noticed Natasha
  1369 | D:2      | Reached skill level 1 in Invocations
  1385 | D:2      | Reached ** piety under Cheibriados
  1411 | D:2      | Killed Terence
  1491 | D:3      | Killed Natasha
  1491 | D:3      | Reached XP level 7. HP: 49/49 MP: 10/10
  1499 | D:3      | Noticed Natasha
  1501 | D:3      | Killed Natasha
  1831 | D:5      | Entered Level 5 of the Dungeon
  1883 | D:5      | Found a basalt altar of Yredelemnul.
  1883 | D:5      | Found an iron altar of Okawaru.
  1924 | D:5      | Reached skill level 6 in Dodging
  2003 | D:5      | Reached *** piety under Cheibriados
  2045 | D:4      | Noticed a phantom
  2369 | D:6      | Got a faintly humming ring mail
  2380 | D:6      | Identified the cursed +0 ring mail "Othresig" {+Blink} (You found it on level 6 of the Dungeon)
  2400 | D:6      | Reached skill level 5 in Long Blades
  2452 | D:6      | Noticed Grinder
  2465 | D:6      | Paralysed by Grinder for 4 turns
  2481 | D:6      | Killed Grinder
  2481 | D:6      | Reached XP level 8. HP: 46/54 MP: 11/11
  2590 | D:7      | Found a burning altar of Makhleb.
  2666 | D:8      | Found a shattered altar of Ashenzari.
  2750 | D:8      | Reached skill level 7 in Long Blades
  2867 | D:8      | Reached **** piety under Cheibriados
  2969 | D:7      | Reached skill level 8 in Long Blades
  2989 | D:6      | Noticed Gravenous's ghost (novice OpIE)
  3041 | D:7      | Reached skill level 5 in Invocations
  3087 | D:7      | Noticed Menkaure
  3206 | D:8      | Reached XP level 9. HP: 48/58 MP: 13/13
  3400 | D:9      | Reached skill level 9 in Long Blades
  3469 | D:10     | Entered Level 10 of the Dungeon
  3618 | D:10     | Identified a scroll of acquirement
  3619 | D:10     | Got a smoking great sword
  3620 | D:10     | Identified the +10 great sword of Xyikhlia {slice, rPois} (You acquired it on level 10 of the Dungeon)
  3621 | D:10     | LD
  3861 | D:9      | Reached ***** piety under Cheibriados
  3862 | D:9      | Reached skill level 10 in Long Blades
  3876 | D:9      | Found a staircase to the Lair.
  3919 | D:10     | Noticed Erolcha
  4023 | D:8      | Noticed a two-headed ogre
  4030 | D:8      | Killed a two-headed ogre
  4066 | D:8      | Reached XP level 10. HP: 64/64 MP: 16/16
  4330 | D:10     | Killed Erolcha
  4330 | D:10     | Reached skill level 11 in Long Blades
  4474 | D:10     | Noticed a sea snake
  4609 | D:10     | Found a staircase to the Orcish Mines.
  4614 | D:10     | Noticed Harold
  4623 | D:10     | Killed Harold
  4631 | D:10     | Noticed a hill giant
  4639 | D:10     | Killed a hill giant
  4639 | D:10     | Reached skill level 12 in Long Blades
  4682 | D:11     | Noticed Gastronok
  4692 | D:11     | Killed Gastronok
  4692 | D:11     | Reached skill level 10 in Dodging
  4692 | D:11     | Reached XP level 11. HP: 45/69 MP: 18/18
  4743 | D:11     | Noticed a soul eater
  4744 | D:11     | Reached skill level 13 in Long Blades
  4912 | D:11     | Noticed a hill giant
  4921 | D:11     | Killed a hill giant
  5019 | D:11     | Gained mutation: Potions and wands are less effective at restoring your health. [potion of mutation]
  5019 | D:11     | Gained mutation: You are frail (-10% HP). [potion of mutation]
  5019 | D:11     | Gained mutation: You are resistant to hostile enchantments. [potion of mutation]
  5024 | D:11     | Noticed a red ugly thing
  5066 | D:10     | Lost mutation: You are frail (-10% HP). [potion of cure mutation]
  5066 | D:10     | Lost mutation: Potions and wands are less effective at restoring your health. [potion of cure mutation]
  5066 | D:10     | Lost mutation: You are resistant to hostile enchantments. [potion of cure mutation]
  5126 | D:12     | Noticed Psyche
  5176 | D:12     | Killed Psyche
  5193 | D:12     | Got an ivory dire flail
  5312 | D:12     | Reached skill level 14 in Long Blades
  5332 | D:12     | Noticed Maud
  5359 | D:12     | Noticed a hill giant
  5370 | D:12     | Killed a hill giant
  5446 | D:12     | HP: 2/70 [Maud/great sword of holy wrath (10)]
  5449 | D:12     | Killed Maud
  5449 | D:12     | Reached skill level 10 in Invocations
  5636 | D:11     | Killed a red ugly thing
  5744 | D:12     | Reached XP level 12. HP: 75/75 MP: 20/20
  5947 | D:12     | Reached skill level 15 in Long Blades
  5959 | D:13     | Found a flagged portal.
  5959 | D:13     | Noticed a centaur warrior
  5966 | D:13     | Killed a centaur warrior
  5980 | Bailey   | Entered a bailey
  6120 | Bailey   | Noticed Galewind's ghost (novice MiFi)
  6128 | Bailey   | Killed Galewind's ghost
  6138 | Bailey   | Noticed an orc warlord
  6181 | Bailey   | Killed an orc warlord
  6193 | Bailey   | Reached skill level 16 in Long Blades
  6217 | Bailey   | Noticed Gravenous's ghost (novice TeAE)
  6237 | Bailey   | Killed Gravenous's ghost
  6352 | Bailey   | Got a shimmering cloak
  6363 | Bailey   | Identified the +1 cloak "Cifycid" {*Drain rN++ Int+7} (You acquired it in a bailey)
  6434 | D:13     | Reached ****** piety under Cheibriados
  6695 | Orc:1    | Entered Level 1 of the Orcish Mines
  6724 | Orc:1    | Gained mutation: Your flesh is cold resistant. [potion of beneficial mutation]
  6754 | Orc:4    | Entered Level 4 of the Orcish Mines
  6783 | Orc:4    | Noticed an ettin
  6784 | Orc:4    | Found Tatetos's General Store.
  6807 | Orc:4    | Killed an ettin
  6807 | Orc:4    | Reached skill level 17 in Long Blades
  6844 | Orc:4    | Reached XP level 13. HP: 61/81 MP: 21/21
  6866 | Orc:4    | Bought a scroll of identify for 36 gold pieces
  6866 | Orc:4    | Bought a scroll of fog for 36 gold pieces
  6873 | Orc:4    | Found Utery's Book Boutique.
  6887 | Orc:4    | Noticed a stone giant
  6894 | Orc:4    | Killed a stone giant
  7076 | Orc:3    | Found a staircase to the Elven Halls.
  7193 | Orc:4    | Found Tuppaiha's Antique Armour Shoppe.
  7193 | Orc:4    | Noticed an ettin
  7198 | Orc:4    | Killed an ettin
  7216 | Orc:4    | Bought a pair of glowing boots for 130 gold pieces
  7216 | Orc:4    | Bought a scorched chain mail for 275 gold pieces
  7236 | Orc:4    | Identified the +3 chain mail "Uboe" {SInv} (You bought it in a shop on level 4 of the Orcish Mines)
  7344 | Orc:4    | Noticed an ettin
  7354 | Orc:4    | Killed an ettin
  7354 | Orc:4    | Reached skill level 18 in Long Blades
  7414 | Orc:4    | Found Agoz's Antique Weapon Shoppe.
  7425 | Orc:4    | Bought a transparent scimitar for 198 gold pieces
  7425 | Orc:4    | Identified the +2 scimitar "Kugh" {speed, rPois Str+2} (You bought it in a shop on level 4 of the Orcish Mines)
  7527 | Elf:1    | Entered Level 1 of the Elven Halls
  7804 | Elf:1    | Found a flickering gateway to a bazaar.
  7829 | Bazaar   | Entered a bazaar
  7829 | Bazaar   | Found Ocliapsa's Antique Armour Emporium.
  7836 | Bazaar   | Found Eruengy's General Store.
  7844 | Bazaar   | Found Ucuhywe's Distillery.
  7855 | Bazaar   | Found Madousm's Antique Weapon Emporium.
  7872 | Bazaar   | Found Tathresa's Jewellery Boutique.
  7903 | Bazaar   | Bought a potion of lignification for 54 gold pieces
  7903 | Bazaar   | Bought a potion of agility for 72 gold pieces
  7903 | Bazaar   | Bought a potion of agility for 72 gold pieces
  7903 | Bazaar   | Bought a potion of agility for 72 gold pieces
  7903 | Bazaar   | Bought a potion of heal wounds for 90 gold pieces
  8048 | Elf:2    | Found Ruddaheo's Weapon Boutique.
  8073 | Elf:3    | Entered Level 3 of the Elven Halls
  8156 | Elf:3    | Reached skill level 19 in Long Blades
  8163 | Elf:3    | Noticed an orc warlord
  8301 | Elf:3    | Found a roughly hewn altar of Beogh.
  8313 | Elf:3    | Killed an orc warlord
  8369 | Elf:2    | Reached XP level 14. HP: 84/86 MP: 22/22
  8485 | Elf:3    | Noticed a deep elf demonologist
  8501 | Elf:3    | Noticed a Shadow Fiend
  8501 | Elf:3    | Killed a deep elf demonologist
  8545 | Elf:3    | Noticed a deep elf sorcerer
  8549 | Elf:3    | Noticed a deep elf annihilator
  8549 | Elf:3    | Noticed a deep elf sorcerer
  8550 | Elf:3    | Noticed a deep elf sorcerer
  8555 | Elf:3    | Noticed a deep elf sorcerer
  8560 | Elf:3    | Killed a deep elf sorcerer
  8560 | Elf:3    | Reached skill level 20 in Long Blades
  8563 | Elf:3    | Cast into the Abyss (a deep elf sorcerer)
  8563 | Abyss:1  | Found a corrupted altar of Lugonu.
  8603 | Abyss:1  | Learned a level 2 spell: Repel Missiles
  8628 | Abyss:1  | Learned a level 1 spell: Apportation
  8631 | Abyss:1  | Learned a level 2 spell: Blink
  8636 | Abyss:1  | Learned a level 4 spell: Passage of Golubria
  8639 | Abyss:1  | Learned a level 2 spell: Shroud of Golubria
  8726 | Abyss:2  | Reached skill level 1 in Translocations
  8731 | Abyss:2  | Reached skill level 1 in Spellcasting
  8825 | Abyss:2  | Noticed a tentacled starspawn
  8831 | Abyss:2  | Killed a tentacled starspawn
  8873 | Abyss:2  | Found a sacrificial altar of Ru.
  9016 | Abyss:3  | Got an abyssal rune of Zot
  9122 | Elf:3    | Escaped the Abyss
  9126 | Elf:3    | Killed a deep elf sorcerer
  9126 | Elf:3    | Reached skill level 15 in Dodging
  9129 | Elf:3    | Killed a deep elf sorcerer
  9133 | Elf:3    | Killed a deep elf annihilator
  9137 | Elf:3    | Killed a deep elf sorcerer
  9226 | Elf:3    | Noticed a deep elf blademaster
  9242 | Elf:3    | Killed a deep elf blademaster
  9332 | Elf:3    | Noticed a deep elf demonologist
  9337 | Elf:3    | Noticed an Executioner
  9339 | Elf:3    | Killed a deep elf demonologist
  9341 | Elf:3    | Noticed a deep elf annihilator
  9358 | Elf:3    | Killed a deep elf annihilator
  9369 | Elf:3    | Noticed a deep elf sorcerer
  9371 | Elf:3    | Noticed a deep elf demonologist
  9373 | Elf:3    | Noticed a cacodemon
  9377 | Elf:3    | Killed a deep elf demonologist
  9383 | Elf:3    | Killed a deep elf sorcerer
  9383 | Elf:3    | Reached XP level 15. HP: 88/90 MP: 23/23
  9426 | Elf:3    | Noticed a deep elf blademaster
  9427 | Elf:3    | Noticed a deep elf demonologist
  9445 | Elf:3    | Killed a deep elf blademaster
  9459 | Elf:3    | Noticed a deep elf sorcerer
  9460 | Elf:3    | Noticed a deep elf sorcerer
  9474 | Elf:3    | Killed a deep elf sorcerer
  9480 | Elf:3    | Killed a deep elf sorcerer
  9495 | Elf:3    | Noticed a deep elf annihilator
  9518 | Elf:3    | Killed a deep elf annihilator
  9521 | Elf:3    | Got a polished scimitar {flame}
  9533 | Elf:3    | Identified the +6 scimitar of the Tooth {flame, *Rage *Confuse +Rage rN+++} (You took it off a deep elf sorcerer on level 3 of the Elven Halls)
  9534 | Elf:3    | n bad
  9544 | Elf:3    | Noticed a deep elf master archer
  9561 | Elf:3    | Killed a deep elf master archer
  9576 | Elf:3    | Noticed a deep elf annihilator
  9592 | Elf:3    | Killed a deep elf annihilator
  9593 | Elf:3    | Noticed a deep elf sorcerer
  9602 | Elf:3    | Killed a deep elf sorcerer
  9697 | Elf:3    | Noticed a deep elf blademaster
  9705 | Elf:3    | Killed a deep elf blademaster
  9719 | Elf:3    | Killed a deep elf demonologist
  9728 | Elf:3    | Noticed a deep elf blademaster
  9732 | Elf:3    | Noticed a deep elf master archer
  9740 | Elf:3    | Killed a deep elf blademaster
  9742 | Elf:3    | Shot with an arrow by a deep elf master archer

Action                   |  1- 3 |  4- 6 |  7- 9 | 10-12 | 13-15 || total
-------------------------+-------+-------+-------+-------+-------++-------
Melee: Short sword       |    29 |       |       |       |       ||    29
       Scythe            |       |   127 |    55 |       |       ||   182
       Dagger            |       |       |   351 |       |       ||   351
       Great sword       |       |       |    24 |   499 |   559 ||  1082
       Unarmed           |       |       |       |    13 |       ||    13
Throw: Throwing net      |       |       |       |     2 |       ||     2
 Cast: Apportation       |       |       |       |       |     3 ||     3
       Repel Missiles    |       |       |       |       |     2 ||     2
Invok: Slouch            |       |       |       |     8 |     8 ||    16
       Temporal Distorti |       |       |       |       |     2 ||     2
Evoke: Wand              |     3 |    16 |     8 |    10 |     1 ||    38
       Lamp of fire      |       |       |     1 |     1 |     2 ||     4
       Phial of floods   |       |       |       |     1 |     1 ||     2
  Use: Scroll            |       |       |     6 |    20 |    10 ||    36
       Potion            |       |       |       |    16 |    11 ||    27
 Stab: Sleeping          |     1 |     1 |     4 |     4 |     1 ||    11
       Distracted        |       |     2 |       |     1 |     2 ||     5
       Paralysed         |       |       |     8 |     6 |       ||    14
       Held in net/web   |       |       |       |     3 |       ||     3
  Eat: Chunk             |       |     2 |     5 |     1 |     8 ||    16
       Royal jelly       |       |       |       |     1 |       ||     1
       Beef jerky        |       |       |       |     2 |       ||     2
       Pizza             |       |       |       |     2 |       ||     2
